 Dungeon Crawl Stone Soup version 0.30-a0-1066-g63dfefce0d (webtiles) character file.

Game seed: 17006366776012480923

927 jimonade the Covered (level 8, 0/56 (61) HPs)
             Began as a Barachi Warper on Apr 12, 2023.
             Killed by divine providence
             ... invoked by an orc priest
              (16 damage)
             ... on level 5 of the Dungeon.
             The game lasted 00:16:26 (4311 turns).

jimonade the Covered (Barachi Warper)               Turns: 4311, Time: 00:16:26

HP:   0/56 (61)     AC:  9    Str: 13    XL:     8   Next: 10%
MP:   11/11         EV: 12    Int: 20    God:
Gold: 234           SH:  0    Dex: 19    Spells: 11/11 levels left

rFire   . . .      SeeInvis .    b - +5 spear of Lohost {pain, rElec}
rCold   . . .      Faith    .    (no shield)
rNeg    + . .      Spirit   .    f - +2 ring mail {rN+}
rPois   .          Reflect  .    j - +0 helmet
rElec   +          Rampage  .    (no cloak)
rCorr   .                        (no gloves)
Will    .....                    (no boots)
Stlth   +                        l - amulet of regeneration
HPRegen 1.09/turn                r - +6 ring of dexterity
MPRegen 0.12/turn                B - +6 ring of intelligence

@: unable to hop, drained, slow
A: amphibious, slowness 1, strong legs 1, +LOS
a: Hop


You were on level 5 of the Dungeon.
You visited 1 branch of the dungeon, and saw 5 of its levels.

You collected 234 gold pieces.

Inventory:

Hand Weapons
 a - a +1 short sword of venom
 b - the +5 spear of Lohost (weapon) {pain, rElec}
   (You found it on level 4 of the Dungeon)

   rElec:     It insulates you from electricity.
 e - a +0 rapier
 t - a +0 spear
 u - a +0 falchion
 C - a +0 great sword of freezing
Missiles
 d - 7 boomerangs of dispersal (quivered)
 g - 4 javelins
 n - 59 stones
 s - a throwing net
 z - 12 poisoned darts
 G - 2 silver boomerangs
Armour
 f - a +2 ring mail of positive energy (worn)
 j - a +0 helmet (worn)
 v - a +0 leather armour
Jewellery
 l - an amulet of regeneration (around neck)
 r - a +6 ring of dexterity (left hand)
 B - a +6 ring of intelligence (right hand)
Scrolls
 c - 2 scrolls of blinking
 m - a scroll of enchant armour
 x - a scroll of identify
 y - 2 scrolls of amnesia
Potions
 h - a potion of cancellation {unknown}
 i - a potion of berserk rage {unknown}
 k - 2 potions of lignification
 p - a potion of magic {unknown}
 q - 2 potions of curing
 A - 3 potions of might
 E - a potion of brilliance {unknown}
 F - a potion of attraction


   Skills:
 + Level 4.3 Fighting
 + Level 4.4(5.4) Short Blades
 + Level 5.1(6.1) Long Blades
 + Level 1.0 Throwing
 + Level 5.6 Armour
 + Level 4.1 Dodging
 + Level 1.6 Stealth
 + Level 2.1 Spellcasting
 + Level 3.5 Translocations


You had 11 spell levels left.
You didn't know any spells.
Your spell library contained the following spells:

 Spells                   Type           Power      Damage    Failure   Level
 Blink                    Tloc           32%        N/A       11%         2
 Lesser Beckoning         Tloc           32%        N/A       11%         2
 Teleport Other           Tloc           16%        N/A       22%         3
 Vhi's Electric Charge    Tloc/Air       18%        N/A       41%         3
 Manifold Assault         Tloc           16%        N/A       58%         4


Dungeon Overview and Level Annotations

Branches:
Dungeon (5/15)
 Temple: D:4-7

Altars:
Elyvilon

Shops:
D:2 =


Innate Abilities, Weirdness & Mutations

You are amphibious.
You cover ground slowly.
You can hop short distances.
You have an extended range of vision and can be seen from far away.


Message History

An orc comes into view. It is wielding a +0 whip.
You feel much better.
The wight hits you with a +3 great sword of freezing.
You partially resist.
You feel drained. The wight freezes you.
You closely miss the wight.
The wight is heavily damaged.
The orc shouts!
The wight hits you with a +3 great sword of freezing!
The wight freezes you.
* * * LOW HITPOINT WARNING * * *
A howler monkey comes into view.
The howler monkey howls!
You hit the wight but do no damage.
The wight is heavily damaged.
The wight hits you but does no damage.
You hit the wight.
The wight is heavily damaged.
Your surroundings suddenly seem different. 3 gnolls, an orc priest and 4 orcs come into view.
An orc is wielding a +0 hand axe of flaming.
The orc priest shouts!
The gnoll shouts! x2
The orc priest looks satisfied for a moment.
The orc shouts! x3; You hear an angry hiss.
Okay, then.
Okay, then.
Okay, then.
Hop to where?
Press: ? - help, Dir - move target 2 adders come into view.
Found a +6 ring of intelligence.
Boing!
The adder hisses angrily. x2
The gnoll hits you from afar with a +0 spear.
* * * LOW HITPOINT WARNING * * *
The orc priest looks encouraged for a moment.
The gnoll hits you but does no damage.
Found 18 gold pieces.
The gnoll misses you. The adder bites you but does no damage.
The orc priest calls down the wrath of Beogh upon you.
Beogh smites you!
You die...

.... #......... ..
=...##........# . ...
#.....#...#..#......
.#.....#...#o........
.........o..o##......
.....................
......S..go.°..##
.......Sgo..........#
#
..######@g######.....
# #..# .....# #..#
.....# #..# ......
#..# #. #..# ## #..#
#..## .. #$.# ....


You could see an orc priest, 3 gnolls, 2 adders and 4 orcs.

Vanquished Creatures
  Sigmund (D:3)
  2 scorpions
  4 killer bees
  A wight (D:5)
  2 hounds
  A sleepcap (D:3)
  Jessica (D:2)
  An orc wizard (D:4)
  Natasha (thrice) (D:3)
  Robin (D:3)
  8 adders
  A worm (D:2)
  5 dart slugs
  9 orcs
  4 endoplasms
  4 giant cockroaches (D:2)
  13 goblins
  10 hobgoblins
  14 jackals
  10 kobolds
  4 quokkas
  5 ball pythons
  2 bats
  4 frilled lizards
  3 rats
113 creatures vanquished.

Notes
Turn   | Place    | Note
-------+----------+-------------------------------------------
     0 | D:1      | jimonade the Barachi Warper began the quest for the Orb.
     0 | D:1      | Reached XP level 1. HP: 17/17 MP: 3/3
     4 | D:1      | Found a white marble altar of Elyvilon.
   139 | D:1      | Found a faded altar of an unknown god.
   142 | D:1      | Noticed a floating eye
   143 | D:1      | Noticed a floating eye
   144 | D:1      | Noticed a floating eye
   144 | D:1      | Noticed a shining eye
   151 | D:1      | Reached XP level 2. HP: 23/23 MP: 5/5
   466 | D:1      | Reached XP level 3. HP: 27/28 MP: 6/6
  1241 | D:2      | Found Pangevuc's Jewellery Shoppe.
  1308 | D:2      | Reached XP level 4. HP: 34/34 MP: 7/7
  1830 | D:3      | Noticed Jessica
  1874 | D:2      | Killed Jessica
  2049 | D:3      | Reached XP level 5. HP: 34/40 MP: 8/8
  2116 | D:3      | Noticed Natasha
  2128 | D:3      | Killed Natasha
  2209 | D:3      | Noticed Natasha
  2216 | D:3      | Killed Natasha
  2344 | D:3      | Noticed Sigmund
  2363 | D:3      | Killed Sigmund
  2364 | D:3      | Reached skill level 1 in Short Blades
  2364 | D:3      | Reached skill level 5 in Long Blades
  2364 | D:3      | Reached skill level 1 in Stealth
  2364 | D:3      | Reached XP level 6. HP: 44/47 MP: 9/9
  2517 | D:3      | Noticed Natasha
  2525 | D:3      | Killed Natasha
  2824 | D:3      | Reached XP level 7. HP: 42/52 MP: 10/10
  2972 | D:4      | Reached skill level 5 in Armour
  3722 | D:4      | Noticed Robin
  3752 | D:3      | Reached XP level 8. HP: 58/60 MP: 11/11
  3917 | D:3      | Killed Robin
  4246 | D:4      | Identified the +5 spear of Lohost {pain, rElec}
  4279 | D:5      | Entered Level 5 of the Dungeon
  4301 | D:5      | HP: 2/59 [wight/+3 great sword of freezing (7)]
  4311 | D:5      | Killed from afar by an orc priest

Illustrated notes

Levels and vault maps discovered:
D:1:      dpeg_arrival_lava_altar, layout_loops_ring,
          hellmonk_ecumenical_altar_watching_god
D:2:      layout_basic, serial_shops, shop_fountains, minmay_worlds_worst_comb
D:3:      layout_rooms, kennysheep_generic_room_13, uniq_sigmund, uniq_natasha,
          uniq_jessica
D:4:      minmay_octagon_keep, layout_cave_pools, uniq_robin
D:5:      layout_cave_pools, lemuel_tele_altar, serial_co_window_serial,
          co_window_paths_a, co_window_paths_a, co_window_corner_a,
          co_window_of_opportunity_a, co_window_paths_a,
          co_window_unsneaky_path_e, co_window_corner_b, co_window_cross_2,
          co_window_unsneaky_path_c, co_window_paths_c, glass_columns_c,
          glass_columns_a, glass_columns_a, glass_columns_a, glass_columns_c

Skill      XL: |  1  2  3  4  5  6  7 |
---------------+----------------------+-----
Long Blades    | 3 4 5 |  5.1
Armour         | 2 4 5 |  5.6
Dodging        | 3 4 |  4.1
Fighting       | 3 4 |  4.3
Short Blades   | 1 2 4 |  4.4
Stealth        | 1 |  1.6
Throwing       | |  1.0
Spellcasting   | |  2.1
Translocations | |  3.5

Action                     |  1- 3 |  4- 6 |  7- 9 || total
---------------------------+-------+-------+-------++-------
  Melee: Falchion          |   171 |    42 |       ||   213
         Punch             |     1 |     2 |     4 ||     7
         Short sword       |       |    88 |   155 ||   243
         Spear             |       |       |    17 ||    17
Ability: Hop               |       |       |     1 ||     1
    Use: Scroll            |       |       |    14 ||    14
         Potion            |       |       |     3 ||     3
   Stab: Sleeping          |       |     1 |       ||     1
 Armour: Leather armour    |    10 |       |       ||    10
         Ring mail         |    53 |    30 |    61 ||   144
  Dodge: Dodged            |   108 |    69 |    99 ||   276

Table legend: (Time is in decaauts)
 A = Elapsed time spent in this place.
 B = Non-inter-level travel time spent in this place.
 C = Inter-level travel time spent in this place.
 D = Time resting spent in this place.
 E = Time spent auto-exploring this place.
 F = Levels seen in this place.
 G = Mean time per level.
                   A        B        C        D        E       F      G
               +--------+--------+--------+--------+--------+-----+--------+
         Total |   4832 |   4498 |    334 |    553 |   2380 |   5 |  966.4 |
       Dungeon |   4832 |   4498 |    334 |    553 |   2380 |   5 |  966.4 |
               +--------+--------+--------+--------+--------+-----+--------+

Top non-repeatable levels by time:
     D:3: 1662 daAuts
     D:1: 1225 daAuts
     D:2: 1055 daAuts
     D:4: 853 daAuts
     D:5: 34 daAuts
